 Dungeon Crawl Stone Soup version 0.17-a0-1181-gabc46e6 (webtiles) character file.

147100 kinazarov the Eclecticist (level 16, -2/77 HPs)
             Began as a Deep Elf Wizard on May 30, 2015.
             Was the Champion of Kikubaaqudgha.
             Killed from afar by a merfolk aquamancer (44 damage)
             ... with a shard of ice
             ... on level 4 of the Shoals on June 1, 2015.
             The game lasted 05:59:53 (56031 turns).

kinazarov the Eclecticist (Deep Elf Wizard)        Turns: 56031, Time: 05:59:54

Health: -2/77      AC: 14    Str:  6    XL:     16   Next: 91%
Magic:  3/56       EV: 21    Int: 32    God:    Kikubaaqudgha [******]
Gold:   765        SH:  0    Dex: 16    Spells: 10 memorised, 2 levels left

rFire  + . .     SeeInvis +     z - staff of wizardry
rCold  . . .     Clarity  .     v - +2 robe {MR+}
rNeg   . . .     SustAt   .     (no shield)
rPois  .         Gourm    .     b - +2 hat
rElec  .         Spirit   .     (no cloak)
rCorr  .         Warding  .     y - +2 pair of gloves
rMut   .         Stasis   .     G - +2 pair of boots of Xotitutu {MR- Int+4 Slay+2}
MR     +....                    U - amulet of Undoing {+Rage rF+ MP+9}
Stlth  +++++.....               Q - ring "Vanavir" {AC+2 Int+2 SInv}
                                k - ring of magical power

@: lethally poisoned (-2 -> -8), mesmerised, somewhat resistant to hostile
enchantments, quite stealthy
A: horns 1, mutation resistance 1
a: Receive Corpses, Torment, Renounce Religion, Evoke Berserk Rage


You were on level 4 of the Shoals.
You worshipped Kikubaaqudgha.
Kikubaaqudgha was exalted by your worship.
You were hungry.

You visited 6 branches of the dungeon, and saw 32 of its levels.

You collected 3370 gold pieces.
You spent 2605 gold pieces at shops.

Inventory:

Armour
 b - a +2 hat (worn)
 v - a +2 robe of magic resistance (worn)
 y - a +2 pair of gloves (worn)
 G - the +2 pair of boots of Xotitutu (worn) {MR- Int+4 Slay+2}
   (You bought it in a shop on level 7 of the Dungeon)

   It affects your intelligence (+4).
   It affects your accuracy and damage with ranged weapons and melee attacks
   (+2).
   It affects your resistance to hostile enchantments.
Magical staves
 z - an uncursed staff of wizardry (weapon)
Jewellery
 a - an uncursed amulet of regeneration
 k - a ring of magical power (left hand)
 K - an uncursed amulet of clarity
 Q - the ring "Vanavir" (right hand) {AC+2 Int+2 SInv}
   (You found it on level 13 of the Dungeon)

   [ring of protection]

   It affects your AC (+2).
   It affects your intelligence (+2).
   It lets you see invisible.
 U - the amulet of Undoing (around neck) {+Rage rF+ MP+9}
   (You bought it in a shop on level 2 of the Orcish Mines)

   [amulet of rage]

   It protects you from fire.
   It affects your magic capacity (+9).
   It lets you go berserk.
Magical devices
 e - a wand of flame (15)
 t - a wand of disintegration (7)
 u - a wand of teleportation (3)
 B - a wand of digging (10)
 I - a wand of draining (5)
 N - a wand of disintegration (10)
 O - a wand of fire (7)
 S - a wand of paralysis (11)
 Y - a wand of fireball (5)
Scrolls
 g - 2 scrolls of blinking
 i - 17 scrolls of remove curse
 m - 12 scrolls of teleportation
 o - 4 scrolls of identify
 p - a scroll of immolation
 x - a scroll of magic mapping
 H - a scroll of fear
 P - 4 scrolls of recharging
 Z - 6 scrolls of fog
Potions
 h - 4 potions of haste
 j - 8 potions of might
 l - 4 potions of flight
 n - 2 potions of heal wounds
 s - 3 potions of agility
 w - 6 potions of curing
 D - 5 potions of brilliance
 W - 3 potions of resistance (quivered)
Books
 c - a book of Minor Magic

   Spells                             Type                      Level
   a - Magic Dart                     Conjuration                  1
   b - Blink                          Translocation                2
   c - Call Imp                       Summoning                    2
   d - Repel Missiles                 Charms/Air                   2
   e - Slow                           Hexes                        2
   f - Conjure Flame                  Conjuration/Fire             3
   g - Mephitic Cloud                 Conjuration/Poison/Air       3
 q - a Grand Grimoire {highlevel}

   This book is beyond your current level of understanding.

   Spells                             Type                      Level
   a - Monstrous Menagerie            Summoning                    6
   b - Summon Greater Demon           Summoning                    7
   c - Malign Gateway                 Summoning/Translocation      7
   d - Summon Horrible Things         Summoning                    8
 r - a book of Envenomations

   Spells                             Type                      Level
   a - Spider Form                    Transmutation/Poison         3
   b - Alistair's Intoxication        Transmutation/Poison         4
   c - Olgreb's Toxic Radiance        Poison                       4
   d - Poisonous Cloud                Conjuration/Poison/Air       6
 A - a book of Annihilations

   Spells                             Type                      Level
   a - Poison Arrow                   Conjuration/Poison           6
   b - Chain Lightning                Conjuration/Air              8
   c - Lehudib's Crystal Spear        Conjuration/Earth            8
   d - Glaciate                       Conjuration/Ice              9
   e - Fire Storm                     Conjuration/Fire             9
 C - a book of Ice

   Spells                             Type                      Level
   a - Ice Form                       Ice/Transmutation            4
   b - Metabolic Englaciation         Hexes/Ice                    5
   c - Ozocubu's Refrigeration        Ice                          6
   d - Bolt of Cold                   Conjuration/Ice              6
   e - Freezing Cloud                 Conjuration/Ice/Air          6
   f - Simulacrum                     Ice/Necromancy               6
 E - a book of Summonings

   Spells                             Type                      Level
   a - Recall                         Summoning/Translocation      3
   b - Aura of Abjuration             Summoning                    5
   c - Shadow Creatures               Summoning                    5
   d - Summon Demon                   Summoning                    5
   e - Summon Forest                  Summoning/Translocation      5
   f - Summon Mana Viper              Hexes/Summoning              5
 F - a book of Power

   Spells                             Type                      Level
   a - Fulminant Prism                Conjuration/Hexes            4
   b - Iskenderun's Mystic Blast      Conjuration                  4
   c - Venom Bolt                     Conjuration/Poison           5
   d - Bolt of Magma                  Conjuration/Fire/Earth       5
   e - Iron Shot                      Conjuration/Earth            6
   f - Orb of Destruction             Conjuration                  7
   g - Spellforged Servitor           Conjuration/Summoning        7
 J - a book of the Earth

   Spells                             Type                      Level
   a - Leda's Liquefaction            Hexes/Earth                  4
   b - Bolt of Magma                  Conjuration/Fire/Earth       5
   c - Statue Form                    Transmutation/Earth          6
   d - Iron Shot                      Conjuration/Earth            6
   e - Shatter                        Earth                        9
 L - Kikubaaqudgha's Tome of Black Secrets
   (Kikubaaqudgha gifted it to you on level 10 of the Dungeon)

   Spells                             Type                      Level
   a - Animate Dead                   Necromancy                   4
   b - Excruciating Wounds            Charms/Necromancy            5
   c - Dispel Undead                  Necromancy                   5
   d - Simulacrum                     Ice/Necromancy               6
   e - Death Channel                  Necromancy                   6
 M - Kikubaaqudgha's Papyrus of Evil Arts
   (Kikubaaqudgha gifted it to you on level 8 of the Dungeon)

   Spells                             Type                      Level
   a - Pain                           Necromancy                   1
   b - Corpse Rot                     Necromancy                   2
   c - Sublimation of Blood           Necromancy                   2
   d - Regeneration                   Charms/Necromancy            3
   e - Control Undead                 Necromancy                   4
Miscellaneous
 V - a disc of storms
Comestibles
 d - 12 bread rations
 f - 15 fruits
 T - 4 chunks of flesh


   Skills:
 + Level 0.8 Fighting
 + Level 3.0 Staves
 + Level 12.2 Dodging
 + Level 10.6 Stealth
 + Level 16.8 Spellcasting
 + Level 15.2 Conjurations
 + Level 0.4 Charms
   Level 1.1 Summonings
 + Level 10.1 Necromancy
 + Level 7.3 Translocations
 * Level 5.0 Fire Magic
 + Level 10.7 Ice Magic
 * Level 7.8 Air Magic
 + Level 9.0 Poison Magic
 * Level 9.7 Evocations


You had 2 spell levels left.
You knew the following spells:

 Your Spells              Type           Power        Failure   Level  Hunger
a - Magic Dart            Conj           ####         0%          1    None
b - Blink                 Tloc           N/A          1%          2    None
c - Mephitic Cloud        Conj/Pois/Air  #######.     1%          3    None
d - Bolt of Cold          Conj/Ice       #######...   1%          6    #......
e - Repel Missiles        Chrm/Air       ######       1%          2    None
f - Orb of Destruction    Conj           #######...   1%          7    ####...
g - Iskenderun's Mystic   Conj           #######.     1%          4    None
h - Fire Storm            Conj/Fire      ######....   100%        9    #######
i - Poisonous Cloud       Conj/Pois/Air  #######...   1%          6    #......
j - Death Channel         Necr           ######....   1%          6    #......


Dungeon Overview and Level Annotations

Branches:
Dungeon (14/15)            Temple (1/1) D:4            Lair (8/8) D:10
 Shoals (4/4) Lair:4        Snake (1/4) Lair:4        Slime (0/6) Lair:6
    Orc (4/4) D:12            Elf (0/3) Orc:4        Vaults (0/5) D:14

Altars:
Ashenzari
Cheibriados
Dithmenos
Elyvilon
Fedhas
Gozag
Kikubaaqudgha
Makhleb
Nemelex Xobeh
Okawaru
Qazlal
Ru
Sif Muna
Trog
Vehumet
Xom
Yredelemnul
Zin
The Shining One
Beogh
Jiyva
Lugonu

Shops:
D:2 *   D:7 [   D:9 [   D:13 }[   Orc:2 %(*:   Orc:3 (   Orc:4 *:*(
Shoals:1 :   Shoals:2 *

Portals:
Pandemonium: Orc:4

Annotations:
D:9 bookz


Innate Abilities, Weirdness & Mutations

You have a pair of small horns on your head.
You are somewhat resistant to further mutation.


Message History

Attack!
The pull of its song draws you forwards.
The merfolk aquamancer gestures at you while chanting.
The shard of ice misses you.
The merfolk avatar chants its luring song.
The griffon misses you.
The griffon pecks you but does no damage.
The griffon completely misses you.
Your griffon bites the merfolk avatar.
Your griffon barely misses the merfolk avatar. x2
The merfolk aquamancer hits you with a rapier of venom.
You are poisoned.
You feel sick.
The pull of its song draws you forwards.
The merfolk javelineer throws a javelin.
The javelin barely misses you.
The merfolk aquamancer gestures at you while chanting.
The shard of ice hits you!
Ouch! That really hurt!
You die...
Kikubaaqudgha rasps: "You have failed me!
Welcome... death!"

≈≈≈≈ ≈≈≈≈ ≈≈≈≈≈≈≈≈≈≈≈≈#
≈≈≈≈≈≈≈≈≈≈≈≈## #≈...
≈≈≈≈≈≈≈≈≈≈≈≈≈## .#≈≈≈.......
≈≈≈≈≈≈≈≈≈≈≈≈.≈######.≈≈≈≈......
..≈≈≈≈≈.≈≈≈≈≈≈m........≈≈≈≈≈....
..≈≈≈≈.m.m≈≈≈≈H.@.....≈≈≈≈≈≈..#
.C.≈≈≈≈..≈≈≈≈...H.[...≈≈≈≈≈≈≈#
....≈≈≈≈.≈≈.###.......≈≈≈≈≈≈#
.....≈≈≈≈≈..# #..mm..≈≈≈≈(≈≈#
H).....≈≈...###.C.C.%≈≈≈≈≈..#
......#.≈....##..m≈≈≈≈≈≈≈...#
).....##.≈(≈.((...≈≈≈≈≈))!#.#
...).....≈≈≈≈≈...≈≈≈≈(≈..####
.....((...≈≈≈≈≈≈≈≈≈≈≈≈≈..#####


You could see a merfolk avatar, 2 merfolk javelineers, a griffon, 2 merfolk
aquamancers, a cyclops, a friendly griffon and a friendly cyclops.

Vanquished Creatures
  Rupert (D:13)
  Polyphemus (Shoals:2)
  The ghost of ohyou the Geomancer, a mighty DsMo of Jiyva (Shoals:2)
  Maud (Lair:4)
  Snorg (Orc:2)
  4 merfolk impalers
  Erolcha (Orc:1)
  7 hydras
  Fannar (Orc:1)
  An ice dragon (Lair:5)
  2 merfolk avatars
  4 catoblepae
  Erica (Lair:2)
  7 merfolk aquamancers
  An ogre mage (D:14)
  A queen ant (Lair:4)
  A centaur warrior (D:14)
  An anaconda (Snake:1)
  A tengu warrior (D:14)
  A shock serpent (Snake:1)
  12 death yaks
  7 orc high priests (Orc:4)
  The ghost of aves the Cleaver, a powerful VSFi of Trog (D:10)
  Sonja (Lair:2)
  An infernal demonspawn (Orc:4)
  2 unseen horrors
  A gelid demonspawn (Orc:4)
  A putrid demonspawn (Orc:4)
  3 sea snakes
  An ice statue (Lair:5)
  Pikel (D:6)
  3 harpies (Shoals:2)
  2 shadow demons (D:8)
  A mana viper (Snake:1)
  4 orc knights (Orc:4)
  A naga ritualist (Snake:1)
  5 hill giants
  3 oklob plants (Lair:1)
  6 griffons
  2 sixfirhies (Orc:4)
  5 orc sorcerers (Orc:4)
  4 water nymphs
  6 manticores
  14 fauns
  6 ugly things
  11 elephants
  The ghost of marsu the Skirmisher, an experienced MiBe of Trog (D:6)
  20 spiny frogs
  2 sirens (Shoals:2)
  Maurice (Orc:1)
  4 centaur zombies
  A smoke demon (Orc:4)
  10 black mambas
  4 cyclopes
  A torpor snail (Lair:6)
  3 gargoyles
  A yaktaur (D:9)
  An efreet (D:14)
  10 komodo dragons
  A wandering mushroom (Lair:5)
  2 polar bears
  A fire drake (Lair:4)
  12 merfolk
  A queen bee (Lair:2)
  A wind drake (Shoals:2)
  6 two-headed ogres
  Prince Ribbit (D:7)
  7 trolls
  18 blink frogs
  8 slime creatures
  2 ravens (D:14)
  6 snapping turtles
  A ynoxinul (Orc:4)
  A vampire (D:12)
  4 shadows
  4 wyverns
  83 yaks
  6 deep elf magi
  15 water elementals
  3 basilisks
  A human (D:7)
  4 wolves
  A hungry ghost (D:9)
  5 wargs
  A mottled dragon (D:14)
  4 nagas (Lair:4)
  14 hippogriffs
  6 soldier ants (Lair:4)
  A steam dragon (D:11)
  A neqoxec (Orc:4)
  11 ogres
  10 porcupines
  36 orc warriors
  17 water moccasins
  11 ice beasts
  6 sky beasts
  3 slaves (D:6)
  3 eyes of draining
  4 black bears
  2 wasps (D:12)
  6 centaurs
  16 crocodiles
  2 big kobolds
  21 giant frogs
  7 scorpions
  29 killer bees
  3 electric eels
  11 wights
  10 crimson imps
  3 jellies
  A fulminant prism (D:9)
  7 hounds
  39 orc wizards
  2 giant frog skeletons
  28 orc priests
  4 centaur skeletons
  11 iguanas
  Natasha (thrice) (D:2)
  2 quasits (D:12)
  28 worker ants
  8 sheep
  A hound zombie (D:6)
  A hound skeleton (D:8)
  14 gnolls
  12 adders
  3 shadow imps
  67 river rats
  3 white imps (Lair:5)
  15 ufetubi (Orc:4)
  An ooze (D:1)
  2 worms
  4 giant geckos
  194 orcs
  4 ball pythons
  22 bats
  A bat zombie (D:8)
  6 giant cockroaches
  26 goblins
  29 hobgoblins
  8 jackals
  4 quokkas
  2 giant gecko skeletons
  3 giant newts
  33 kobolds
  21 rats
  3 butterflies
  2 fungi
  8 plants
1256 creatures vanquished.

Vanquished Creatures (collateral kills)
  A catoblepas (Lair:8)
  4 death yaks (Lair:8)
  A gelid demonspawn (Orc:4)
  A yak (Lair:8)
  A hippogriff (Lair:8)
  An orc warrior (Orc:4)
  4 orc priests
  A worker ant (Lair:4)
  A river rat (Lair:8)
  23 orcs
  A goblin (Orc:4)
  A hobgoblin (Orc:3)
  A plant (Lair:8)
41 creatures vanquished.

Vanquished Creatures (others)
  A death yak (Lair:8)
  A hippogriff (D:8)
  A centaur (D:8)
  4 killer bees (D:8)
  A crimson imp (D:6)
  A worker ant (Lair:4)
  A giant gecko (D:8)
  An orc (Orc:1)
  A giant cockroach (D:8)
  8 fungi
  8 plants
28 creatures vanquished.

Grand Total: 1325 creatures vanquished

Notes
Turn   | Place    | Note
--------------------------------------------------------------
     0 | D:1      | kinazarov the Deep Elf Wizard began the quest for the Orb.
     0 | D:1      | Reached XP level 1. HP: 10/10 MP: 7/7
   291 | D:1      | Reached XP level 2. HP: 13/15 MP: 3/9
   761 | D:1      | Learned a level 2 spell: Blink
   831 | D:1      | Reached skill level 5 in Spellcasting
   969 | D:1      | Reached XP level 3. HP: 19/19 MP: 11/11
  1406 | D:2      | Learned a level 3 spell: Mephitic Cloud
  1412 | D:2      | Learned a level 3 spell: Conjure Flame
  1415 | D:2      | Learned a level 2 spell: Repel Missiles
  1601 | D:2      | Noticed Natasha
  1617 | D:2      | Killed Natasha
  1617 | D:2      | Reached XP level 4. HP: 18/24 MP: 12/13
  1736 | D:2      | Found Zin's Purification Station.
  1743 | D:2      | Found a glowing silver altar of Zin.
  1897 | D:2      | Noticed Natasha
  1902 | D:2      | Killed Natasha
  2284 | D:2      | Noticed Natasha
  2285 | D:2      | Killed Natasha
  2532 | D:3      | Reached skill level 6 in Spellcasting
  2532 | D:3      | Reached XP level 5. HP: 24/28 MP: 7/15
  3171 | D:4      | Reached skill level 5 in Conjurations
  3244 | D:4      | Reached XP level 6. HP: 32/32 MP: 17/17
  3637 | D:4      | Found a staircase to the Ecumenical Temple.
  3645 | Temple   | Entered the Ecumenical Temple
  3699 | Temple   | Became a worshipper of Dithmenos the Shadowed
  4192 | D:5      | Entered Level 5 of the Dungeon
  4321 | D:5      | Reached skill level 1 in Air Magic
  4321 | D:5      | Reached XP level 7. HP: 34/36 MP: 7/19
  4449 | D:5      | Noticed a water moccasin
  4454 | D:5      | Killed a water moccasin
  4454 | D:5      | Reached skill level 1 in Poison Magic
  4792 | D:5      | Reached skill level 7 in Spellcasting
  5578 | D:5      | Reached XP level 8. HP: 41/41 MP: 20/20
  6350 | D:6      | Found a blossoming altar of Fedhas.
  6364 | D:6      | Found an iron altar of Okawaru.
  6364 | D:6      | Found a shattered altar of Ashenzari.
  6368 | D:6      | Found a deep blue altar of Sif Muna.
  6406 | D:6      | Noticed marsu's ghost (experienced MiBe)
  6496 | D:5      | Reached skill level 5 in Dodging
  6496 | D:5      | Reached skill level 5 in Stealth
  6793 | D:6      | Found a snail-covered altar of Cheibriados.
  7036 | D:6      | Got a translucent chain mail
  7047 | D:6      | Identified the +3 chain mail of Limitation {+Blink Dex+4} (You found it on level 6 of the Dungeon)
  7433 | D:6      | Found an opulent altar of Gozag.
  7497 | D:6      | Noticed Pikel
  7567 | D:6      | Killed Pikel
  7567 | D:6      | Reached XP level 9. HP: 14/45 MP: 0/22
  8372 | D:7      | Reached skill level 8 in Spellcasting
  8585 | D:7      | Noticed Prince Ribbit
  8604 | D:7      | Killed Prince Ribbit
  8939 | D:7      | Acquired Dithmenos's first power
  9398 | D:7      | Found a white marble altar of Elyvilon.
  9413 | D:7      | Learned a level 6 spell: Bolt of Cold
  9483 | D:7      | Found Ryoja's Armour Shop.
  9487 | D:7      | Bought the +2 pair of boots of Xotitutu {MR- Int+4 Slay+2} for 409 gold pieces
  9680 | D:8      | Reached skill level 1 in Ice Magic
 10189 | D:8      | Learned a level 7 spell: Orb of Destruction
 10194 | D:8      | Learned a level 4 spell: Fulminant Prism
 10717 | D:8      | Found a shimmering altar of Xom.
 10826 | D:9      | Acquired Dithmenos's second power
 10911 | D:9      | Reached XP level 10. HP: 50/50 MP: 19/24
 10918 | D:9      | Found an ancient bone altar of Kikubaaqudgha.
 10944 | D:9      | Fell from the grace of Dithmenos
 10944 | D:9      | Became a worshipper of Kikubaaqudgha
 11109 | D:9      | Found Ytamol's Antique Armour Shoppe.
 11189 | D:9      | Learned a level 4 spell: Iskenderun's Mystic Blast
 11262 | D:9      | Noticed a brown ugly thing
 12029 | D:6      | Found a deep blue altar of Sif Muna.
 12343 | D:6      | Killed marsu's ghost
 12745 | D:8      | Reached skill level 5 in Translocations
 13162 | D:9      | Found a shadowy altar of Dithmenos.
 13172 | D:9      | Reached skill level 9 in Spellcasting
 13245 | D:8      | Acquired Kikubaaqudgha's first power
 13245 | D:8      | Received a gift from Kikubaaqudgha
 13246 | D:8      | Identified Kikubaaqudgha's Papyrus of Evil Arts (Kikubaaqudgha gifted it to you on level 8 of the Dungeon)
 13250 | D:8      | Learned a level 2 spell: Corpse Rot
 13489 | D:9      | Killed an unseen horror
 13716 | D:9      | Reached skill level 1 in Evocations
 13874 | D:9      | Reached skill level 1 in Necromancy
 13954 | D:9      | Found a sparkling altar of Nemelex Xobeh.
 14026 | D:9      | Reached skill level 5 in Ice Magic
 14122 | D:9      | Reached XP level 11. HP: 48/54 MP: 2/26
 14158 | D:9      | Noticed a shadow demon
 14158 | D:9      | Noticed a shadow demon
 14164 | D:9      | Noticed a soul eater
 14176 | D:9      | Was forgiven by Dithmenos
 14607 | D:8      | Noticed a soul eater
 14608 | D:8      | Killed a shadow demon
 14700 | D:9      | Noticed a sun demon
 14705 | D:8      | Killed a shadow demon
 15064 | D:10     | Entered Level 10 of the Dungeon
 15433 | D:10     | Reached skill level 5 in Poison Magic
 15754 | D:10     | Noticed aves's ghost (powerful VSFi)
 15764 | D:10     | Killed aves's ghost
 15917 | D:10     | Acquired Kikubaaqudgha's second power
 16108 | D:10     | Found a staircase to the Lair.
 16488 | D:10     | Found a deep blue altar of Sif Muna.
 17052 | D:11     | Found a flagged portal.
 17068 | D:11     | Upgraded the game from 0.17-a0-1176-g3d5a0d0 to 0.17-a0-1181-gabc46e6
 17146 | D:10     | Received a gift from Kikubaaqudgha
 17147 | D:10     | Identified Kikubaaqudgha's Tome of Black Secrets (Kikubaaqudgha gifted it to you on level 10 of the Dungeon)
 18077 | D:11     | Noticed a hill giant
 18598 | D:12     | Noticed a five-headed hydra
 18786 | Lair:1   | Entered Level 1 of the Lair of Beasts
 18816 | Lair:1   | Reached skill level 10 in Conjurations
 19817 | Lair:1   | Reached skill level 10 in Dodging
 19887 | Lair:1   | Reached skill level 5 in Air Magic
 20021 | Lair:1   | Reached XP level 12. HP: 50/59 MP: 19/27
 20783 | Lair:2   | Noticed Sonja
 20788 | Lair:2   | Killed Sonja
 21357 | Lair:2   | Acquired Kikubaaqudgha's third power
 21520 | Lair:2   | Noticed Erica
 21751 | Lair:2   | Reached skill level 10 in Spellcasting
 21983 | Lair:2   | Noticed a six-headed hydra
 21992 | Lair:2   | Killed a six-headed hydra
 21992 | Lair:2   | Reached skill level 1 in Staves
 22953 | Lair:2   | Killed Erica
 23593 | Lair:2   | Reached skill level 11 in Dodging
 24664 | Lair:2   | Acquired Kikubaaqudgha's fourth power
 25028 | Lair:3   | Reached XP level 13. HP: 63/63 MP: 29/29
 25036 | Lair:3   | Learned a level 6 spell: Poisonous Cloud
 25084 | Lair:3   | Reached skill level 5 in Necromancy
 25623 | Lair:2   | Reached skill level 10 in Stealth
 27258 | D:12     | Noticed a hill giant
 27279 | D:12     | Killed a hill giant
 27818 | D:12     | Noticed a hill giant
 27821 | D:12     | Killed a hill giant
 27822 | D:12     | Noticed a six-headed hydra
 27853 | D:12     | Killed a six-headed hydra
 28194 | D:12     | Noticed a hill giant
 28196 | D:12     | Killed a hill giant
 28291 | D:12     | Found a staircase to the Orcish Mines.
 28343 | D:12     | Found a sacrificial altar of Ru.
 28775 | D:12     | Killed a five-headed hydra
 28775 | D:12     | Reached skill level 12 in Conjurations
 29232 | D:13     | Found Ziri's Quality Used Wands.
 29700 | D:13     | Found Ytidd's Armour Shoppe.
 29718 | D:13     | Got a coiled jade ring
 29720 | D:13     | Identified the ring "Vanavir" {AC+2 Int+2 SInv} (You found it on level 13 of the Dungeon)
 30087 | D:13     | Noticed Rupert
 30095 | D:13     | Paralysed by Rupert for 5 turns
 30509 | Lair:4   | Found a staircase to the Shoals.
 31107 | Lair:4   | Noticed Maud
 31113 | Lair:4   | Killed Maud
 31943 | Lair:4   | Reached XP level 14. HP: 33/68 MP: 24/32
 33326 | Lair:4   | Found a staircase to the Snake Pit.
 33841 | Lair:5   | Got a dazzling broad axe
 33842 | Lair:5   | Identified the +2 broad axe of Osots {chop, *Rage rPois Str+6} (You found it on level 5 of the Lair of Beasts)
 34117 | D:11     | Gained mutation: You are somewhat resistant to further mutation. [potion of mutation]
 34117 | D:11     | Gained mutation: You have a pair of small horns on your head. [potion of mutation]
 35016 | Lair:5   | Got a warped rapier
 35155 | Lair:5   | Identified the +5 rapier of Destruction {drain, rC+++ rN+ Str-2 Stlth-} (You found it on level 5 of the Lair of Beasts)
 35854 | Orc:1    | Entered Level 1 of the Orcish Mines
 35997 | Orc:1    | Noticed Erolcha
 36000 | Orc:1    | Killed Erolcha
 36000 | Orc:1    | Reached skill level 13 in Spellcasting
 36026 | Orc:1    | Found a roughly hewn altar of Beogh.
 36572 | Orc:1    | Noticed Fannar
 36577 | Orc:1    | Killed Fannar
 36888 | Orc:1    | Noticed Maurice
 36893 | Orc:1    | Killed Maurice
 37315 | Orc:2    | Found Oturysch's Book Shoppe.
 37423 | Orc:2    | Found Katz's Antique Weapon Shoppe.
 37423 | Orc:2    | Found Baamiuf's Assorted Antiques.
 37437 | Orc:2    | Found Ameaziet's Food Shop.
 37528 | Orc:2    | Bought a fine lead amulet for 145 gold pieces
 37528 | Orc:2    | Bought an embroidered robe for 20 gold pieces
 37532 | Orc:2    | Identified the amulet of Undoing {+Rage rF+ MP+9} (You bought it in a shop on level 2 of the Orcish Mines)
 37917 | D:11     | Learned a level 6 spell: Death Channel
 38149 | Orc:3    | Found a roughly hewn altar of Beogh.
 38168 | Orc:3    | Found Guxze's Antique Weapon Shop.
 38174 | Orc:3    | Bought a glowing lajatang for 375 gold pieces
 38275 | Orc:3    | Reached skill level 5 in Evocations
 38825 | Orc:2    | Noticed Snorg
 38831 | Orc:2    | Killed Snorg
 38857 | Orc:2    | Found a roughly hewn altar of Beogh.
 38866 | Orc:2    | Reached skill level 10 in Ice Magic
 39092 | Orc:4    | Entered Level 4 of the Orcish Mines
 39377 | Orc:4    | Found a staircase to the Elven Halls.
 39439 | Orc:4    | Found a labyrinth entrance.
 39653 | Orc:4    | Found Eren's General Store.
 39894 | Orc:4    | Found Biuhisol's General Store.
 40454 | Orc:4    | Paralysed by an orc sorcerer for 5 turns
 41537 | Orc:4    | Found Boleu's Antique Weapon Emporium.
 41537 | Orc:4    | Found Nonestrey's Book Shoppe.
 41537 | Orc:4    | Found a one-way gate leading to the halls of Pandemonium.
 41550 | Orc:4    | Reached XP level 15. HP: 72/72 MP: 32/34
 41555 | Orc:4    | Reached skill level 14 in Spellcasting
 41641 | Orc:4    | Bought a book of Annihilations for 1656 gold pieces
 41914 | Lair:6   | Found a staircase to the Slime Pits.
 41914 | Lair:6   | Found a viscous altar of Jiyva.
 45380 | Lair:8   | Entered Level 8 of the Lair of Beasts
 45608 | Lair:8   | Found a dark tunnel.
 46350 | Lair:8   | Reached skill level 15 in Spellcasting
 46983 | Snake:1  | Entered Level 1 of the Snake Pit
 47635 | D:13     | Killed Rupert
 47635 | D:13     | Reached skill level 10 in Necromancy
 47840 | D:13     | Got a pitted ring mail
 47851 | D:13     | Identified the +6 ring mail of Liberty {rN+ Dex+2} (You found it on level 13 of the Dungeon)
 48157 | D:14     | Got a twisted hand axe
 48863 | D:14     | Found a gate to the Vaults.
 49472 | D:14     | Reached XP level 16. HP: 77/77 MP: 13/37
 49557 | D:14     | Learned a level 9 spell: Fire Storm
 49944 | D:14     | Reached skill level 1 in Fire Magic
 50968 | Shoals:1 | Entered Level 1 of the Shoals
 51209 | Shoals:1 | Found Kurhev's Book Emporium.
 52405 | Shoals:2 | Found Hurel's General Store.
 52937 | Shoals:2 | Noticed ohyou's ghost (mighty DsMo)
 53162 | Shoals:2 | Noticed Polyphemus
 53167 | Shoals:2 | Killed Polyphemus
 53167 | Shoals:2 | Reached skill level 16 in Spellcasting
 53761 | Shoals:2 | Killed ohyou's ghost
 53761 | Shoals:2 | Reached skill level 15 in Conjurations
 55661 | Shoals:4 | Entered Level 4 of the Shoals
 55918 | Shoals:4 | Reached skill level 5 in Fire Magic
 56031 | Shoals:4 | Killed from afar by a merfolk aquamancer

Vault maps used:
D:1:      elethiomel_arrival_diamonds
D:2:      zin_purify, serial_forest, infiniplex_forest_clump_curved,
          infiniplex_forest_straight_4, infiniplex_forest_straight_2,
          infiniplex_forest_straight_2, infiniplex_forest_straight_3,
          infiniplex_forest_corner_1, infiniplex_forest_lined_2,
          infiniplex_forest_straight_3, infiniplex_forest_lined_corner,
          hangedman_abyss_or_decor_lesser_grid, dk_noncrumbling_3, uniq_natasha
D:4:      temple_green
D:5:      first_bread
D:6:      lemuel_doored_altar, cheibriados_altar_1, minitemple,
          portal_sewer_entry_d, supply_closet_lemuel, lemuel_blue_sif_altar,
          uniq_pikel
D:7:      lemuel_coloured_pillars_altar, serial_shops, shop, grunt_livestock,
          uniq_prince_ribbit1
D:8:      old_standard_altar, lemuel_flamethrower_2
D:9:      old_standard_altar, kennysheep_mini, serial_shops, shop,
          nicolae_dithmenos_the_darkroom
D:10:     kennysheep_orc_sif_temple, erik_lair_orcish_takeover
D:11:     enter_bailey_3
D:12:     orc_0_dummy, minmay_crystal_water, nicolae_ru_awakened_eye
D:13:     serial_shops, shop, nicolae_for_you_no_charge, uniq_rupert
D:14:     david_vaults_2, roderic_lattice_octagonal_star
Temple:   corrupted_temple
Lair:1:   minmay_lair_oklob_tunnel, lemuel_fruit_fields,
          infiniplex_staircase_pool_2
Lair:2:   special_room, lemuel_fruit_tree, uniq_erica, uniq_sonja
Lair:3:   st_stairs_11, lemuel_fruit_fields, serial_bayou_shore_a,
          lemuel_fruit_fields, serial_bayou_shore_b
Lair:4:   minmay_shoals_entry_hut, minmay_snake_entry_guardpost_medium,
          zaba_antful_of_joy, uniq_maud
Lair:5:   ice2_lemuel, lemuel_fruit_fields, lemuel_fruit_fields
Lair:6:   slime_altar_1, serial_bayou_pond_e, beast_lair_carwin_11
Lair:8:   evilmike_catoblepas_cave, nicolae_volcano_entry_lava_flow
Shoals:1: serial_shops, nicolae_shop_trees, nicolae_shoals_circle_sea_wall
Shoals:2: serial_shops, nicolae_shop_statue_plus, uniq_polyphemus
Shoals:4: shoals_end_hangedman, shoal_ilsuiw
Snake:1:  uniq_kirke
Orc:1:    basic_altar, uniq_fannar, uniq_maurice, uniq_erolcha
Orc:2:    serial_shops, shop, shop_coins, nicolae_shop_waterfront,
          nicolae_shop_statue_plus, basic_altar, nicolae_orc_bridge_out,
          uniq_snorg
Orc:3:    serial_shops, shop_statue, basic_altar, nicolae_orc_pool_cavern
Orc:4:    pf_orc_diabolical, lab_entry_generic

Action                   |  1- 3 |  4- 6 |  7- 9 | 10-12 | 13-15 | 16-18 || total
-------------------------+-------+-------+-------+-------+-------+-------++-------
Melee: Unarmed           |       |     9 |    17 |    21 |       |       ||    47
       Staff             |       |       |       |   228 |   165 |    40 ||   433
 Cast: Magic Dart        |    93 |   205 |   547 |   542 |   500 |    31 ||  1918
       Mephitic Cloud    |     1 |     6 |    45 |    59 |    29 |     3 ||   143
       Conjure Flame     |       |     1 |       |       |       |       ||     1
       Blink             |       |     1 |    14 |    26 |    20 |     4 ||    65
       Bolt of Cold      |       |       |     1 |    40 |   171 |    75 ||   287
       Repel Missiles    |       |       |     1 |     1 |       |     3 ||     5
       Iskenderun's Myst |       |       |       |   317 |   194 |    57 ||   568
       Corpse Rot        |       |       |       |     3 |     1 |       ||     4
       Fulminant Prism   |       |       |       |     1 |       |       ||     1
       Orb of Destructio |       |       |       |       |   132 |    83 ||   215
       Poisonous Cloud   |       |       |       |       |    67 |     3 ||    70
       Death Channel     |       |       |       |       |    14 |       ||    14
Invok: Receive Corpses   |       |       |       |     1 |     3 |       ||     4
Evoke: Wand              |       |       |       |     2 |     1 |       ||     3
       Disc of storms    |       |       |       |       |       |     2 ||     2
       Phantom mirror    |       |       |       |       |       |     2 ||     2
  Use: Scroll            |     1 |    10 |     6 |     4 |    18 |     4 ||    43
       Potion            |       |       |     2 |     5 |     7 |     5 ||    19
 Stab: Confused          |       |       |     2 |    19 |     7 |     2 ||    30
       Distracted        |       |       |       |       |     3 |       ||     3
  Eat: Chunk             |     2 |     8 |    14 |    34 |   101 |    35 ||   194
       Meat ration       |       |       |     1 |       |     4 |       ||     5
       Fruit             |       |       |     1 |     2 |    12 |     6 ||    21
       Pizza             |       |       |       |    11 |     1 |       ||    12
       Bread ration      |       |       |       |     1 |     4 |       ||     5
       Beef jerky        |       |       |       |       |     2 |     1 ||     3
